 Dungeon Crawl Stone Soup version 0.28-a0-987-g8383568036 (webtiles) character file.

Game seed: 5868440105750325417

149 BinkBink the Slasher (level 5, -2/47 HPs)
             Began as a Minotaur Monk on Dec 4, 2021.
             Splashed by a jelly's acid (7 damage)
             ... on level 4 of the Dungeon.
             The game lasted 00:03:08 (2910 turns).

BinkBink the Slasher (Minotaur Monk)                Turns: 2910, Time: 00:03:10

Health: -2/47      AC: -1    Str: 16    XL:     5   Next: 9%
Magic:  4/4        EV: 13    Int:  7    God:
Gold:   123        SH:  0    Dex: 14    Spells: 4/4 levels left

rFire   . . .      SeeInvis +   a - +0 falchion
rCold   . . .      Faith    .   (no shield)
rNeg    . . .      Spirit   .   b - +0 robe
rPois   .          Reflect  .   (helmet restricted)
rElec   .          Harm     .   j - +0 cloak
rCorr   .          Rampage  .   (no gloves)
Will    .....                   (no boots)
Stlth   ++........              (no amulet)
HPRegen 0.15/turn               q - ring of see invisible
MPRegen 0.09/turn               (no ring)

@: corroded
A: horns 2, retaliatory headbutt
a: no special abilities


You were on level 4 of the Dungeon.
You visited 1 branch of the dungeon, and saw 4 of its levels.

You collected 123 gold pieces.

Inventory:

Hand Weapons
 a - a +0 falchion (weapon)
Armour
 b - a +0 robe (worn)
 j - a +0 cloak (worn)
Jewellery
 q - a ring of see invisible (left hand)
Scrolls
 g - 3 scrolls of identify {unknown}
 h - a scroll of fog {unknown}
 i - a scroll of noise {unknown}
 l - a scroll of fear {unknown}
 m - a scroll of enchant armour {unknown}
 n - a scroll of amnesia {unknown}
Potions
 c - a potion of magic {unknown}
 d - 2 potions of curing {unknown}
 e - a potion of attraction {unknown}
 f - 2 potions of degeneration {unknown}
 k - a potion of ambrosia {unknown}
 o - a potion of flight {unknown}
 p - a potion of heal wounds {unknown}


   Skills:
 + Level 4.7 Fighting
 + Level 5.5 Long Blades
 + Level 4.3 Dodging
 - Level 1.5 Stealth


You had 4 spell levels left.
You didn't know any spells.
Your spell library contained the following spells:

 Spells                   Type           Power      Damage    Failure   Level
 Animate Skeleton         Necr           0%         N/A       43%         1
 Apportation              Tloc           0%         N/A       43%         1
 Magic Dart               Conj           0%         1d3       43%         1
 Summon Small Mammal      Summ           0%         N/A       43%         1
 Call Imp                 Summ           0%         N/A       56%         2
 Call Canine Familiar     Summ           0%         N/A       80%         3
 Mephitic Cloud           Conj/Pois/Air  0%         N/A       80%         3
 Portal Projectile        Hex/Tloc       0%         N/A       80%         3
 Leda's Liquefaction      Hex/Erth       0%         N/A       99%         4


Dungeon Overview and Level Annotations

Branches:
Dungeon (4/15)
 Temple: D:4-7

Altars:
Okawaru
The Shining One


Innate Abilities, Weirdness & Mutations

You have a pair of horns on your head.
You reflexively headbutt those who attack you in melee.


Message History

There is an open door here.
A ball python comes into view.
The ball python hisses angrily.
A ball python is nearby!
q - a ring of see invisible (left hand)
You start putting on your armour.
You continue putting on your +0 cloak. x4
You finish putting on your +0 cloak.
A ball python is nearby!
No reachable target in view!
The ball python bites you but does no damage.
The ball python barely misses you.
You hear a slurping noise.
The jelly eats the door!
The ball python bites you but does no damage.
The ball python grabs you. The ball python constricts you.
You hit the ball python.
The ball python is moderately wounded.
The jelly hits you.
You are splashed with acid!
The ball python barely misses you. You furiously retaliate!
You headbutt the ball python!
You kill the ball python!
You hit the jelly. The acid corrodes you!
Your hands burn!
You headbutt the jelly!
The jelly is heavily wounded.
The jelly hits you.
You are splashed with acid!
You are too injured to fight recklessly!
You are too injured to fight recklessly!
You are too injured to fight recklessly!
You are too injured to fight recklessly!
You hit the jelly but do no damage.
Your hands burn!
The jelly is heavily wounded.
The jelly hits you.
You are splashed with acid.
* * * LOW HITPOINT WARNING * * *
You hit the jelly. The acid corrodes you!
Your hands burn!
* * * LOW HITPOINT WARNING * * *
The jelly is severely wounded.
The jelly hits you.
* * * LOW HITPOINT WARNING * * *
You are splashed with acid!
You die...

# # # #+# #.#.....(
###.# #.......
###...## ......#
###...#..# #.....#
#.@.####.###.....# #
#..†#J#..#..##.....#
#
##.##....##.##.....##
#
#..#..#..#..#......#
#
##.##....##.##.....#
# #..#..###...'.....#
# ##.####...###......
#..#...### ##...##
##### ##...## ##..##


You could see a jelly.

Vanquished Creatures
  2 hounds (D:4)
  2 adders
  A worm (D:3)
  A dart slug (D:3)
  2 orcs (D:3)
  6 ball pythons
  7 endoplasms
  4 giant cockroaches
  7 goblins
  6 hobgoblins
  2 jackals (D:3)
  2 quokkas
  4 bats
  4 frilled lizards
  5 kobolds
  4 rats
59 creatures vanquished.

Notes
Turn   | Place    | Note
-------+----------+-------------------------------------------
     0 | D:1      | BinkBink the Minotaur Monk began the quest for the Orb.
     0 | D:1      | Reached XP level 1. HP: 19/19 MP: 0/0
   194 | D:1      | Reached XP level 2. HP: 27/27 MP: 1/1
   297 | D:1      | Reached skill level 4 in Long Blades
   958 | D:2      | Reached XP level 3. HP: 33/33 MP: 2/2
  1848 | D:3      | Found a glowing golden altar of the Shining One.
  2312 | D:3      | Found an iron altar of Okawaru.
  2318 | D:3      | Reached XP level 4. HP: 35/41 MP: 3/3
  2506 | D:4      | Reached skill level 5 in Long Blades
  2692 | D:4      | Reached XP level 5. HP: 43/47 MP: 4/4
  2910 | D:4      | Splashed by a jelly's acid

Illustrated notes

Levels and vault maps discovered:
D:1:      dpeg_arrival_windows_large_door, layout_rooms,
          minmay_misc_feat_ornament
D:2:      layout_rooms
D:3:      layout_loops_ring, okawaru_altar_gauntlet_db, tso_metal_star,
          hangedman_decor_points
D:4:      minmay_skewed_foursquare, layout_basic, minmay_cut_off, uniq_robin

Skill      XL: |  1  2  3  4 |
---------------+-------------+-----
Fighting       | 4 |  4.7
Long Blades    | 4 5 |  5.5
Dodging        | 4 |  4.3
Stealth        | |  1.5

Action                   |  1- 3 |  4- 6 || total
-------------------------+-------+-------++-------
Melee: Falchion          |    81 |    29 ||   110
       Headbutt          |     6 |     4 ||    10
 Stab: Sleeping          |     4 |     1 ||     5
Armor: Robe              |    17 |     4 ||    21
Dodge: Dodged            |    63 |    15 ||    78

Table legend: (Time is in decaauts)
 A = Elapsed time spent in this place.
 B = Non-inter-level travel time spent in this place.
 C = Inter-level travel time spent in this place.
 D = Time resting spent in this place.
 E = Time spent auto-exploring this place.
 F = Levels seen in this place.
 G = Mean time per level.
                   A        B        C        D        E       F      G
               +--------+--------+--------+--------+--------+-----+--------+
         Total |   2918 |   2817 |    101 |      0 |   2415 |   4 |  729.5 |
       Dungeon |   2918 |   2817 |    101 |      0 |   2415 |   4 |  729.5 |
               +--------+--------+--------+--------+--------+-----+--------+

Top non-repeatable levels by time:
     D:3: 1149 daAuts
     D:1: 716 daAuts
     D:2: 549 daAuts
     D:4: 504 daAuts
